 Dungeon Crawl Stone Soup version 0.16-a0-3699-g1c51eb1 (webtiles) character file.

7478 Johnny the Nimble (level 10, -1/76 HPs)
             Began as a High Elf Artificer on Jan 18, 2015.
             Was a Priest of Zin.
             Killed from afar by an electric eel (12 damage)
             ... with a bolt of electricity
             ... on level 1 of the Lair of Beasts.
             The game lasted 00:22:13 (11897 turns).

Johnny the Nimble (High Elf Artificer)             Turns: 11897, Time: 00:22:13

Health: -1/76      AC: 13    Str: 10    XL:     10   Next: 94%
Magic:  20/20      EV: 22    Int: 17    God:    Zin [***...]
Gold:   433        SH:  0    Dex: 19    Spells: 0 memorised, 9 levels left

rFire  . . .     SeeInvis .     w - +5 whip (elec)
rCold  . . .     Clarity  .     j - +0 ring mail
rNeg   + . .     SustAb   .     (no shield)
rPois  .         Gourm    .     H - +2 helmet
rElec  .         Spirit   .     C - +0 cloak
rCorr  .         Warding  +     M - +0 pair of gloves
rMut   .         Stasis   .     S - +0 pair of boots
MR     +....                    X - amulet of warding
Stlth  +.........               Y - +3 ring of evasion
                                F - +1 ring of evasion

@: somewhat resistant to hostile enchantments, very unstealthy
A: no striking features
a: Recite, Vitalisation, Imprison, Renounce Religion


You were on level 1 of the Lair of Beasts.
You worshipped Zin.
Zin was most pleased with you.
You were near starving.

You visited 3 branches of the dungeon, and saw 11 of its levels.

You collected 481 gold pieces.
You donated 48 gold pieces to Zin.

Inventory:

Hand weapons
 d - a +2 short sword of venom
 w - a +5 whip of electrocution (weapon)
Armour
 j - a +0 ring mail (worn)
 C - a +0 cloak (worn)
 H - a +2 helmet (worn)
 M - a +0 pair of gloves (worn)
 S - a +0 pair of boots (worn)
Jewellery
 F - a +1 ring of evasion (left hand)
 X - an amulet of warding (around neck)
 Y - a +3 ring of evasion (right hand)
Magical devices
 b - a wand of flame (2)
 c - a wand of enslavement (12)
 i - a wand of flame (23)
 s - a wand of invisibility (0)
 G - a wand of fireball (5)
 I - a wand of slowing (27)
 N - a wand of confusion (21)
 O - a wand of frost (12)
Scrolls
 a - 3 scrolls of amnesia
 e - 4 scrolls of teleportation
 h - 5 scrolls of fog
 m - 2 scrolls of random uselessness {unknown}
 n - 2 scrolls of remove curse
 o - 2 scrolls of immolation {unknown}
 q - 2 scrolls of enchant armour {unknown}
 t - 3 scrolls of fear {unknown}
 v - 4 scrolls of magic mapping {unknown}
 E - a scroll of recharging {unknown}
 K - a scroll of blinking {unknown}
 L - 2 scrolls of enchant weapon {unknown}
 Q - a scroll of silence {unknown}
 V - a scroll of holy word {unknown}
Potions
 l - a potion of haste
 r - 2 potions of curing
 u - a potion of agility {unknown}
 x - a potion of poison {unknown}
 z - a potion of mutation {unknown}
 A - 2 potions of might {unknown}
 D - 3 potions of restore abilities {unknown}
 J - a potion of flight {unknown}
 P - 2 potions of cure mutation {unknown}
 T - a potion of invisibility {unknown}
 W - 2 potions of berserk rage {unknown}
Comestibles
 f - 7 bread rations
 k - 6 meat rations
 p - 4 fruits
 R - 7 slices of pizza


   Skills:
 * Level 10.2 Fighting
 - Level 2.8(5.1) Short Blades
   Level 6.8(7.1) Long Blades
 + Level 6.1 Armour
 * Level 10.9 Dodging
 - Level 1.1 Stealth
 - Level 3.0 Evocations


You had 9 spell levels left.
You didn't know any spells.

Dungeon Overview and Level Annotations

Branches:
Dungeon (9/15)             Temple (1/1) D:6            Lair (1/8) D:9
    Orc: D:9-12

Altars:
Ashenzari
Cheibriados
Dithmenos
Elyvilon
Fedhas
Gozag
Kikubaaqudgha
Nemelex Xobeh
Okawaru
Qazlal
Ru
Sif Muna
Trog
Xom
Yredelemnul
Zin
The Shining One

Shops:
D:4 (

Annotations:
D:9 Gronka's ghost, experienced MiFi


Message History

* * * LOW HITPOINT WARNING * * *
The bolt of electricity hits you!
* * * LOW HITPOINT WARNING * * *
The bolt of electricity hits the electric eel.
The electric eel resists.
Unknown command.
A quokka comes into view.
The electric eel shoots out a bolt of lightning at you!
The bolt of electricity hits you!
* * * LOW HITPOINT WARNING * * *
Unknown command.
Drink which item? (? for menu, Esc to quit)
Okay, then.
Drink which item? (? for menu, Esc to quit)
You feel better.
You hit the electric eel.
The electric eel is heavily wounded.
The electric eel shoots out a bolt of lightning at you!
The bolt of electricity hits you!
You die...

..# ### #..# ...# #..## ...
##..## ..# #########..# ..#
####### #........... ..#
##.....#######.......... ...##
##..♣..♣♣................
##..#####......≈;≈.#.#.P#........
#........≈.≈.≈@≈.♣########.....
#...†..♣≈≈.≈≈..≈..♣ ####..
#..##.....≈.≈.≈.≈≈≈♣ #.#.
#..##...≈≈.≈≈..≈..≈..# ###.
#..##.♣..≈≈≈.≈.?.≈≈..# #.
#..##..≈≈...≈.≈≈≈..♣.# ###.
##..##..≈..≈..≈r.≈≈.♣. #...
#...###♣≈≈≈.≈.≈.≈... ##.P ##..#
#♣..≈ ≈≈. ##..


You could see an electric eel and a quokka.

Vanquished Creatures
  Erolcha (D:8)
  Maurice (D:8)
  2 spiny frogs (Lair:1)
  A komodo dragon (Lair:1)
  Grinder (D:6)
  A troll (D:9)
  A basilisk (Lair:1)
  A yak (D:7)
  A hog (D:7)
  A wyvern (D:9)
  A human (D:7)
  The ghost of crauler the Insei, an average DrTm (D:3)
  2 hungry ghosts
  A steam dragon (D:9)
  2 hippogriffs (Lair:1)
  A porcupine (Lair:1)
  A water moccasin (Lair:1)
  2 phantoms
  2 sky beasts
  2 black bears (D:7)
  6 ogres
  4 centaurs (D:7)
  A necrophage (D:8)
  A big kobold (D:8)
  4 giant frogs
  Blork the orc (D:6)
  A wyvern zombie (D:9)
  A scorpion (D:8)
  A water moccasin skeleton (D:5)
  4 crimson imps
  A jelly (D:7)
  2 goliath beetles (D:9)
  2 orc priests
  A giant frog skeleton (D:5)
  5 iguanas
  5 hounds
  A centaur skeleton (D:8)
  A gnoll shaman (D:7)
  12 worker ants
  7 orc wizards
  A killer bee zombie (D:7)
  Jessica (D:2)
  2 sheep (D:7)
  2 hound zombies
  A hound skeleton (D:5)
  Terence (D:2)
  12 adders
  3 gnolls (D:7)
  6 river rats (Lair:1)
  2 shadow imps
  5 worms
  A giant mite (D:6)
  3 adder skeletons
  5 giant geckos
  19 orcs
  A ball python (D:6)
  17 bats
  4 bat skeletons
  3 giant cockroaches
  8 goblins
  10 hobgoblins
  19 kobolds
  7 quokkas
  A giant gecko skeleton (D:4)
  A giant gecko zombie (D:5)
  8 giant newts
  11 jackals
  A jackal skeleton (D:4)
  2 jackal zombies (D:5)
  A quokka skeleton (D:7)
  9 rats
254 creatures vanquished.

Vanquished Creatures (collateral kills)
  3 jackals (D:3)
3 creatures vanquished.

Vanquished Creatures (others)
  A worm (D:2)
  An orc (D:5)
  A quokka (D:5)
  A bat (D:7)
4 creatures vanquished.

Grand Total: 261 creatures vanquished

Notes
Turn   | Place    | Note
--------------------------------------------------------------
     0 | D:1      | Johnny, the High Elf Artificer, began the quest for the Orb.
     0 | D:1      | Reached XP level 1. HP: 13/13 MP: 2/2
   316 | D:1      | Reached XP level 2. HP: 8/19 MP: 4/4
  1234 | D:2      | Noticed Terence
  1259 | D:2      | Reached XP level 3. HP: 18/24 MP: 6/6
  1267 | D:2      | Killed Terence
  1267 | D:2      | Reached skill level 1 in Armour
  1722 | D:2      | Noticed a black bear
  1722 | D:2      | a worm changed into a black bear
  2083 | D:2      | Reached XP level 4. HP: 6/30 MP: 9/9
  2439 | D:2      | Noticed Jessica
  2448 | D:2      | Killed Jessica
  2725 | D:3      | Noticed crauler's ghost (average DrTm)
  2766 | D:3      | Killed crauler's ghost
  2766 | D:3      | Reached XP level 5. HP: 16/36 MP: 10/10
  3406 | D:3      | Found a stormy altar of Qazlal.
  3462 | D:3      | Reached skill level 4 in Dodging
  3818 | D:4      | Reached XP level 6. HP: 43/43 MP: 13/13
  3834 | D:3      | Reached skill level 1 in Long Blades
  4123 | D:4      | Noticed an ogre
  4130 | D:4      | Killed an ogre
  4192 | D:4      | Noticed a phantom
  4216 | D:4      | Killed a phantom
  4216 | D:4      | Reached XP level 7. HP: 25/49 MP: 15/15
  4435 | D:4      | Reached skill level 5 in Dodging
  4478 | D:4      | Found Rufull's Weapon Emporium.
  5431 | D:5      | Entered Level 5 of the Dungeon
  5478 | D:5      | Reached skill level 5 in Fighting
  5904 | D:5      | Found a white marble altar of Elyvilon.
  5929 | D:5      | Reached XP level 8. HP: 21/57 MP: 17/17
  6146 | D:5      | Reached skill level 6 in Dodging
  6429 | D:6      | Noticed Grinder
  6439 | D:6      | Killed Grinder
  6505 | D:6      | Found a staircase to the Ecumenical Temple.
  6529 | D:6      | Found a glowing golden altar of the Shining One.
  6645 | D:6      | Noticed Blork the orc
  6662 | D:6      | Killed Blork the orc
  6662 | D:6      | Reached skill level 7 in Dodging
  6952 | D:7      | Reached XP level 9. HP: 23/64 MP: 18/18
  7169 | D:7      | Reached skill level 5 in Long Blades
  7351 | D:7      | Found an opulent altar of Gozag.
  7975 | D:7      | Reached skill level 8 in Dodging
  8924 | Temple   | Entered the Ecumenical Temple
  9067 | Temple   | Became a worshipper of Zin the Law-Giver
  9067 | Temple   | Acquired Zin's first power
  9286 | D:8      | Found a blossoming altar of Fedhas.
  9287 | D:8      | Found a shattered altar of Ashenzari.
  9303 | D:8      | Found a bloodstained altar of Trog.
  9303 | D:8      | Found a shadowy altar of Dithmenos.
  9305 | D:8      | Found a sacrificial altar of Ru.
  9331 | D:8      | Reached skill level 5 in Armour
  9331 | D:8      | Reached skill level 9 in Dodging
  9504 | D:8      | Acquired Zin's second power
  9509 | D:8      | Found an iron altar of Okawaru.
  9566 | D:8      | Noticed Maurice
  9759 | D:8      | Killed Maurice
  9759 | D:8      | Reached XP level 10. HP: 73/73 MP: 20/20
  9804 | D:8      | Found an ancient bone altar of Kikubaaqudgha.
  9804 | D:8      | Found a deep blue altar of Sif Muna.
  9805 | D:8      | Noticed Erolcha
  9820 | D:8      | Killed Erolcha
 10162 | D:9      | Noticed Gronka's ghost (experienced MiFi)
 10658 | D:9      | Reached skill level 10 in Dodging
 10698 | D:9      | Upgraded the game from 0.16-a0-3695-ga3e2ed8 to 0.16-a0-3699-g1c51eb1
 10905 | D:9      | Found a staircase to the Lair.
 10934 | D:9      | Acquired Zin's third power
 10954 | Lair:1   | Entered Level 1 of the Lair of Beasts
 11329 | Lair:1   | Reached skill level 10 in Fighting
 11897 | Lair:1   | Killed from afar by an electric eel

Action                   |  1- 3 |  4- 6 |  7- 9 | 10-12 || total
-------------------------+-------+-------+-------+-------++-------
Melee: Short sword       |   122 |     7 |       |       ||   129
       Whip              |       |   111 |   506 |   240 ||   857
Invok: Recite            |       |       |     1 |     1 ||     2
Evoke: Wand              |    25 |     8 |     2 |     9 ||    44
  Use: Scroll            |       |       |     7 |       ||     7
       Potion            |       |       |       |     3 ||     3
 Stab: Sleeping          |       |       |     4 |     1 ||     5
       Distracted        |       |       |     2 |     1 ||     3
       Confused          |       |       |       |     3 ||     3
  Eat: Chunk             |     3 |     5 |    17 |     3 ||    28
       Beef jerky        |       |     1 |       |     2 ||     3
       Fruit             |       |       |     2 |       ||     2
